AoeStats
← Sorrateiro

Nomad

510116451Analyzed
4v4 RM · 4d ago on Sep 29, 2026· 29m 49s· 8 players
Game mode
Random Map
Map size
231×231
Population
200
Speed
Normal
Resources
Standard
Victory
Conquest
Starting age
Dark Age
Ending age
Imperial Age
RankedLock teamsTeams togetherTeam positionsShared explorationLock speedFull tech treeHidden civsTurbo modeCheats
Victory
Defeat
🇨🇱 Portuguese · Chile
1725
+10
🇨🇱 Muisca · Chile
1678
+12
🇮🇹 Lithuanians · Italy
1616
+14
🇧🇷 Koreans · Brazil
1608
+14
🇺🇸 Mongols · United States
1780
-20
🇻🇳 Varangians · Vietnam
1627
-14
🇵🇪 Berbers · Peru
1470
-9
🇦🇷 Magyars · Argentina
1427
-7
Sorrateiro
3:08 Loom
14:11 Feudal Age
14:42 Town Watch
19:06 Castle Age
17:31 Double-Bit Axe
18:58 Gold Mining
18:50 Horse Collar
20:16 Bow Saw
20:19 Medium Warships
21:40 Fletching
25:22 Wheelbarrow
28:17 Gold Shaft Mining
27:36 Fishing Lines
32:11 Imperial Age
29:57 Stone Mining
watoncito
4:53 Loom
13:52 Feudal Age
18:31 Castle Age
16:45 Double-Bit Axe
Zoccolo Fitusu
5:04 Loom
12:20 Feudal Age
12:58 Double-Bit Axe
15:47 Horse Collar
20:32 Castle Age
19:15 Fletching
19:54 Gold Mining
20:47 Crossbowman
22:28 Bow Saw
23:05 Bodkin Arrow
22:56 Elite Skirmisher
23:58 Padded Archer Armor
31:00 Wheelbarrow
[CL] Davidlk1412
14:43 Feudal Age
14:05 Loom
18:19 Castle Age
16:27 Double-Bit Axe
16:27 Fishing Lines
17:00 Fletching
17:13 Gold Mining
18:17 Padded Archer Armor
18:40 Town Watch
18:49 Stone Mining
19:41 Bow Saw
19:23 Gillnets
19:57 Bodkin Arrow
21:30 Leather Archer Armor
22:23 Ballistics
23:57 Wheelbarrow
23:22 Town Patrol
31:51 Imperial Age
FYI Inc
4:43 Loom
5:09 Loom
12:10 Feudal Age
12:55 Town Watch
17:16 Castle Age
16:11 Fletching
16:17 Double-Bit Axe
16:36 Fishing Lines
18:17 Bow Saw
18:22 Horse Collar
18:56 Bodkin Arrow
22:30 Gold Mining
27:14 Padded Archer Armor
30:22 Bloodlines
ElTitanSargeras
2:51 Loom
15:54 Feudal Age
felixaleman1010
4:44 Loom
14:29 Feudal Age
18:50 Castle Age
18:02 Scale Barding Armor
18:37 Bloodlines
19:48 Double-Bit Axe
Minh Anh
6:25 Loom
14:38 Feudal Age
18:37 Castle Age
17:21 Double-Bit Axe
17:51 Fletching
19:18 Bodkin Arrow
22:49 Padded Archer Armor
Connection lost

Rejoining the realm…

Still unreachable

The connection could not be restored.

Session expired

The server has moved on; the page needs a fresh start.